 Dungeon Crawl Stone Soup version 0.22.0-32-gbc6daba (webtiles) character file.

226 Lew the Skirmisher (level 6, -14/53 HPs)
             Began as a Gnoll Abyssal Knight on Aug 23, 2018.
             Was a Believer of Lugonu.
             Demolished by an ogre
             ... wielding a +0 giant club
              (28 damage)
             ... on level 4 of the Dungeon.
             The game lasted 00:07:54 (2767 turns).

Lew the Skirmisher (Gnoll Abyssal Knight)           Turns: 2767, Time: 00:07:55

Health: -14/53     AC:  8    Str: 14    XL:     6   Next: 1%
Magic:  9/9        EV:  8    Int: 14    God:    Lugonu [**....]
Gold:   271        SH:  8    Dex: 17    Spells: 8/8 levels left

rFire    x . .     SeeInvis .   l - +3 dagger (vamp)
rCold    + + .     Gourm    .   d - +0 shield
rNeg     . . .     Faith    .   g - +1 scale mail
rPois    .         Spirit   .   (no helmet)
rElec    .         Reflect  .   (no cloak)
rCorr    .         Harm     .   (no gloves)
MR       .....                  (no boots)
Stlth    +.........             (no amulet)
HPRegen  0.17/turn              m - ring of protection from cold
MPRegen  0.11/turn              o - ring of ice

@: no status effects
A: distributed training, fangs 1, blurry vision 1, strong nose
a: Depart the Abyss, Bend Space, Renounce Religion


You were on level 4 of the Dungeon.
You worshipped Lugonu.
Lugonu was pleased with you.
You were hungry.

You visited 1 branch of the dungeon, and saw 4 of its levels.
You visited the Abyss 1 time.

You collected 271 gold pieces.

Inventory:

Hand Weapons
 a - a +1 hand axe
 f - a +0 short sword of holy wrath
 l - a +3 vampiric dagger (weapon)
Armour
 b - a +0 leather armour
 d - a +0 shield (worn)
 g - a +1 scale mail (worn)
Jewellery
 k - a +3 ring of strength {unknown}
 m - a ring of protection from cold (left hand)
 o - a ring of ice (right hand)
 r - an uncursed ring of flight {unknown}
Scrolls
 e - 2 scrolls of remove curse
 j - a scroll of fear
 n - a scroll of enchant armour
 p - a scroll of amnesia {unknown}
 q - 2 scrolls of identify
 s - a scroll of enchant weapon
Potions
 h - a potion of heal wounds
Miscellaneous
 i - a sack of spiders
Comestibles
 c - 7 rations


   Skills:
 + Level 6.7 Fighting
 + Level 1.7 Short Blades
 + Level 1.7 Long Blades
 + Level 4.9 Axes
 + Level 1.7 Maces & Flails
 + Level 1.7 Polearms
 + Level 1.7 Staves
 + Level 1.7 Slings
 + Level 1.7 Bows
 + Level 1.7 Crossbows
 + Level 1.7 Throwing
 + Level 4.9 Armour
 + Level 3.1 Dodging
 + Level 1.7 Stealth
 + Level 1.7 Shields
 + Level 1.7 Unarmed Combat
 + Level 1.7 Spellcasting
 + Level 1.3 Conjurations
 + Level 1.3 Hexes
 + Level 1.3 Charms
 + Level 1.3 Summonings
 + Level 1.3 Necromancy
 + Level 1.3 Translocations
 + Level 1.3 Transmutations
 + Level 1.3 Fire Magic
 + Level 1.3 Ice Magic
 + Level 1.3 Air Magic
 + Level 1.3 Earth Magic
 + Level 1.3 Poison Magic
 + Level 5.0 Invocations
 + Level 1.7 Evocations


You had 8 spell levels left.
You didn't know any spells.
Your spell library was empty.

Dungeon Overview and Level Annotations

Branches:
Dungeon (4/15)
 Temple: D:4-7

Altars:
Ashenzari


Innate Abilities, Weirdness & Mutations

Your experience applies equally to all skills.
You have very sharp teeth.
Your uncanny sense of smell can sniff out nearby items.
Scrolls take you a little longer to read.


Message History

The ogre hits you with a giant club!!
You hit the ogre.
You feel better.
You bite the ogre, but do no damage.
The ogre is moderately wounded.
The ogre hits you with a giant club!
You are too injured to fight recklessly!
You are too injured to fight recklessly!
You hit the ogre.
You feel better.
The ogre is heavily wounded.
The ogre hits you with a giant club!
* * * LOW HITPOINT WARNING * * *
You hit the ogre.
The ogre is severely wounded.
You hit the ogre. You bite the ogre, but do no damage.
The ogre is severely wounded.
The ogre closely misses you.
You barely miss the ogre.
The ogre is severely wounded.
The ogre hits you with a giant club!!
Ouch! That really hurt!
You die...

##...##
#....#
##...##
##...##
#....#
##...##
#....##
##....##
#.@...#
##O....#
#......#
#.......#
##.......
∆ .......
#%...$.
......


You could see an ogre.

Vanquished Creatures
  An ice beast (D:3)
  A hound skeleton (D:4)
  2 adders
  4 worms
  A dart slug (D:3)
  3 leopard geckos
  4 orcs (D:3)
  10 bats
  3 giant cockroaches
  10 goblins
  8 hobgoblins
  6 jackals (D:3)
  9 kobolds
  2 quokkas
  A ball python (D:2)
  3 frilled lizards
  4 rats
72 creatures vanquished.

Vanquished Creatures (others)
  4 starspawn tentacles (Abyss:3)
4 creatures vanquished.

Grand Total: 76 creatures vanquished

Notes
Turn   | Place    | Note
-------+----------+-------------------------------------------
     0 | Abyss:1  | Lew the Gnoll Abyssal Knight began the quest for the Orb.
     0 | Abyss:1  | Reached XP level 1. HP: 23/23 MP: 3/3
     1 | Abyss:1  | Found a corrupted altar of Lugonu.
    55 | Abyss:1  | Noticed a cacodemon
    55 | Abyss:1  | Noticed a small abomination
    57 | Abyss:1  | Gained mutation: Scrolls take you a little longer to read. [a cacodemon]
   237 | Abyss:1  | Noticed a raiju
   251 | Abyss:2  | Noticed a small abomination
   265 | Abyss:3  | Found a corrupted altar of Lugonu.
   310 | Abyss:3  | Found a corrupted altar of Lugonu.
   320 | Abyss:3  | Noticed a tentacled starspawn
   325 | Abyss:3  | Noticed a tentacled starspawn
   327 | Abyss:3  | Noticed a thrashing horror
   329 | D:1      | Escaped the Abyss
   650 | D:1      | Reached XP level 2. HP: 29/29 MP: 5/5
   761 | D:1      | Reached * piety under Lugonu
  1096 | D:2      | Reached XP level 3. HP: 34/35 MP: 6/6
  1674 | D:2      | Reached skill level 1 in Short Blades
  1674 | D:2      | Reached skill level 1 in Long Blades
  1674 | D:2      | Reached skill level 1 in Maces & Flails
  1674 | D:2      | Reached skill level 1 in Polearms
  1674 | D:2      | Reached skill level 1 in Staves
  1674 | D:2      | Reached skill level 1 in Slings
  1674 | D:2      | Reached skill level 1 in Bows
  1674 | D:2      | Reached skill level 1 in Crossbows
  1674 | D:2      | Reached skill level 1 in Throwing
  1674 | D:2      | Reached skill level 1 in Stealth
  1674 | D:2      | Reached skill level 1 in Shields
  1674 | D:2      | Reached skill level 1 in Unarmed Combat
  1674 | D:2      | Reached skill level 1 in Spellcasting
  1674 | D:2      | Reached skill level 1 in Evocations
  1674 | D:2      | Reached XP level 4. HP: 31/41 MP: 7/7
  1760 | D:2      | Found a faded altar of an unknown god.
  1993 | D:3      | Found a shattered altar of Ashenzari.
  1998 | D:3      | Noticed an ice beast
  2026 | D:3      | Killed an ice beast
  2026 | D:3      | Reached skill level 1 in Conjurations
  2026 | D:3      | Reached skill level 1 in Hexes
  2026 | D:3      | Reached skill level 1 in Charms
  2026 | D:3      | Reached skill level 1 in Summonings
  2026 | D:3      | Reached skill level 1 in Necromancy
  2026 | D:3      | Reached skill level 1 in Translocations
  2026 | D:3      | Reached skill level 1 in Transmutations
  2026 | D:3      | Reached skill level 1 in Fire Magic
  2026 | D:3      | Reached skill level 1 in Ice Magic
  2026 | D:3      | Reached skill level 1 in Air Magic
  2026 | D:3      | Reached skill level 1 in Earth Magic
  2026 | D:3      | Reached skill level 1 in Poison Magic
  2026 | D:3      | Reached XP level 5. HP: 41/47 MP: 8/8
  2106 | D:3      | Reached ** piety under Lugonu
  2730 | D:4      | Reached skill level 5 in Invocations
  2730 | D:4      | Reached XP level 6. HP: 53/53 MP: 9/9
  2767 | D:4      | Demolished by an ogre

Skill      XL: |  1  2  3  4  5 |
---------------+----------------+-----
Short Blades   | 1 |  1.7
Long Blades    | 1 |  1.7
Maces & Flails | 1 |  1.7
Polearms       | 1 |  1.7
Staves         | 1 |  1.7
Slings         | 1 |  1.7
Bows           | 1 |  1.7
Crossbows      | 1 |  1.7
Throwing       | 1 |  1.7
Stealth        | 1 |  1.7
Shields        | 1 |  1.7
Unarmed Combat | 1 |  1.7
Spellcasting   | 1 |  1.7
Evocations     | 1 |  1.7
Dodging        | 3 |  3.1
Conjurations   | 1 |  1.3
Hexes          | 1 |  1.3
Charms         | 1 |  1.3
Summonings     | 1 |  1.3
Necromancy     | 1 |  1.3
Translocations | 1 |  1.3
Transmutations | 1 |  1.3
Fire Magic     | 1 |  1.3
Ice Magic      | 1 |  1.3
Air Magic      | 1 |  1.3
Earth Magic    | 1 |  1.3
Poison Magic   | 1 |  1.3
Invocations    | 5 |  5.0
Fighting       | |  6.7
Axes           | |  4.9
Armour         | |  4.9

Action                   |  1- 3 |  4- 6 || total
-------------------------+-------+-------++-------
Melee: Dagger            |   272 |   171 ||   443
       Hand axe          |    11 |       ||    11
       Bite              |    36 |    29 ||    65
Invok: Depart the Abyss  |     1 |       ||     1
  Use: Potion            |     3 |       ||     3
       Scroll            |     4 |     7 ||    11
  Eat: Ration            |     1 |       ||     1
       Chunk             |     3 |     4 ||     7
Armor: Scale mail        |   160 |    69 ||   229
Dodge: Dodged            |    84 |    52 ||   136
Block: Shield            |   112 |    74 ||   186
